[Event "Titled Tuesday Blitz June 14 Early 2022"]
[White "Liyanage, Ranindu Dilshan"]
[Black "Shimanov, Aleksandr"]
[WhiteFideId "9915834"]
[BlackFideId "4198603"]
[WhiteElo "1858"]
[BlackElo "2605"]
[Result "1/2-1/2"]
[Round "04"]
[TimeControl "180+1"]
[Date "2022.06.14"]
[WhiteClock "0:00:07"]
[BlackClock "0:00:12"]

1. e4 e6 2. d4 d5 3. Nc3 Bb4 4. exd5 exd5 5. Bd3 Nf6 6. Ne2 O-O 7. h3 Re8 8. O-O Nbd7 9. a3 Be7 10. Ng3 Nf8 11. Re1 c6 12. Qf3 Ne6 13. Nf5 Bf8 14. Ne2 Ne4 15. Neg3 N6g5 16. Qf4 g6 17. f3 Ne6 18. Qg4 Nxg3 19. Qxg3 Qf6 20. c3 Bd7 21. Nh6+ Bxh6 22. Bxh6 g5 23. Rxe6 Rxe6 24. Bxg5 Qg7 25. Qh4 Rae8 26. Bf5 Rd6 27. Bf4 Bxf5 28. Bxd6 f6 29. Re1 Rxe1+ 30. Qxe1 Qf7 31. Bf4 Qe6 32. Qg3+ Bg6 33. Qf2 Kf7 34. h4 a5 35. g4 h5 36. Qe3 hxg4 37. Qxe6+ Kxe6 38. fxg4 Bc2 39. Kf2 Bd1 40. Kg3 Kf7 41. Bc7 a4 42. Bf4 Be2 43. Bd6 Bd1 44. Kf4 Be2 45. h5 Bd1 46. h6 Bc2 47. Bc7 Ke6 48. Bb6 Kf7 49. Bd8 Ke6 50. g5 fxg5+ 51. Kxg5 Bh7 52. Kf4 b5 53. Bg5 Be4 54. Bd8 Bh7 55. Ba5 Be4 56. Bb4 Bh7 57. Kg5 Be4 58. Kf4 Bh7 59. Bf8 Be4 60. Bg7 Bh7 61. Bf8 Be4 62. Bg7 Bh7 63. Bf8 1/2-1/2


[Site "https://www.chess.com"]

[Event "Titled Tuesday Blitz June 14 Early 2022"]
[White "Madaminov, Mukhiddin"]
[Black "Suleymanli, Aydin"]
[WhiteFideId "14210703"]
[BlackFideId "13413937"]
[WhiteElo "1916"]
[BlackElo "2481"]
[Result "1-0"]
[Round "04"]
[TimeControl "180+1"]
[Date "2022.06.14"]
[WhiteClock "0:00:10"]
[BlackClock "0:00:05"]

1. d4 d5 2. Nc3 Nf6 3. Bf4 a6 4. e3 e6 5. g4 h6 6. h4 c5 7. Bg2 cxd4 8. exd4 Nc6 9. g5 hxg5 10. hxg5 Rxh1 11. Bxh1 Ng8 12. Qd2 b5 13. O-O-O b4 14. Nce2 a5 15. Kb1 a4 16. Nc1 Nge7 17. Nge2 Ng6 18. Bg3 Na5 19. b3 axb3 20. cxb3 Be7 21. Nd3 Bxg5 22. Qxb4 Ba6 23. Bf3 Ne7 24. Nc5 Nec6 25. Qc3 Bxe2 26. Bxe2 Bf6 27. Bb5 Qb6 28. a4 Ke7 29. f3 g6 30. Bf2 Na7 31. Qd3 Nxb5 32. axb5 Rb8 33. Na6 Rc8 34. Nc5 Nb7 35. Nxb7 Qxb7 36. Be1 Rb8 37. Bb4+ Ke8 38. Bd6 Ra8 39. Bc5 Qd7 40. Rh1 Ra5 41. b6 Rb5 42. b4 Qc6 43. Qa3 Rxb6 44. Qa7 Rb7 45. Qa8+ Kd7 46. Qf8 Qb5 47. Qxf7+ Kc6 48. Qxe6+ Kc7 49. Qd6+ Kc8 1-0


[Site "https://www.chess.com"]

[Event "Titled Tuesday Blitz June 14 Early 2022"]
[White "Martinez Alcantara, Jose Eduardo"]
[Black "Alinasab, Mobina"]
[WhiteFideId "3805662"]
[BlackFideId "12528897"]
[WhiteElo "2703"]
[BlackElo "2031"]
[Result "1/2-1/2"]
[Round "04"]
[TimeControl "180+1"]
[Date "2022.06.14"]
[WhiteClock "0:00:21"]
[BlackClock "0:00:20"]

1. e4 c5 2. Nf3 e6 3. c3 d5 4. exd5 exd5 5. d4 Nc6 6. Bb5 Bd6 7. dxc5 Bxc5 8. O-O Ne7 9. Nbd2 O-O 10. Nb3 Bb6 11. Re1 Bg4 12. h3 Bh5 13. Bd3 f6 14. Bf4 Ng6 15. Bg3 Nge5 16. Be2 Bf7 17. Nfd4 Qd7 18. a4 a6 19. a5 Ba7 20. Kh2 Rfe8 21. Nxc6 Nxc6 22. Bf3 Ne5 23. Be2 Nc6 24. Bf3 Ne5 25. Nd4 Bxd4 26. cxd4 Nxf3+ 27. Qxf3 Bg6 28. Qb3 Qb5 29. Qxb5 axb5 30. Rec1 Rec8 31. Bc7 Be8 32. Kg3 Bc6 33. Bb6 Bd7 34. Bc5 Re8 35. f3 Re2 36. b3 Re3 37. Bb6 Rc8 38. Rxc8+ Bxc8 39. Rc1 Bf5 40. Rc7 Rxb3 41. Rxb7 Ra3 42. Ra7 b4 43. Bc5 Ra4 44. Kf4 Bd3 45. Rb7 Rxa5 46. Rxb4 Bc4 47. Rb7 Rb5 48. Ra7 Rb2 49. g4 Rb3 50. Re7 Bd3 51. h4 Bc4 52. h5 h6 53. Bd6 Bd3 54. Re8+ Kh7 55. Bf8 Rb7 56. Rd8 Bc4 57. Rc8 Rf7 58. Kf5 Rb7 59. Ke6 Rb6+ 60. Kf7 Rb7+ 61. Be7 Be2 62. Rc3 Bc4 63. Re3 Rb3 64. Rxb3 Bxb3 65. Bf8 Bd1 66. Bxg7 Bxf3 67. g5 hxg5 68. Bxf6 Bxh5+ 69. Ke6 Bf3 70. Bxg5 Be4 71. Kf6 Kg8 72. Bf4 Kf8 73. Be5 Ke8 74. Ke6 Kd8 75. Kd6 Kc8 76. Kc5 Kb7 77. Kd6 Ka6 78. Bf4 Ka5 79. Be3 Kb4 80. Ke5 Kc3 81. Kf4 Kd3 82. Bf2 Ke2 83. Bg1 Kd3 84. Bh2 Ke2 85. Bg3 Kf1 86. Bh4 Ke2 87. Bf6 Kd3 88. Ke5 Kc4 89. Kd6 Kd3 90. Ke5 Kc4 91. Kd6 Kd3 92. Ke5 1/2-1/2


[Site "https://www.chess.com"]

[Event "Titled Tuesday Blitz June 14 Early 2022"]
[White "Matinian, Nikita"]
[Black "Bintang, Rasyid A. Hidayat"]
[WhiteFideId "24129100"]
[BlackFideId "7105355"]
[WhiteElo "2422"]
[BlackElo "2429"]
[Result "1-0"]
[Round "04"]
[TimeControl "180+1"]
[Date "2022.06.14"]
[WhiteClock "0:01:33"]
[BlackClock "0:00:25"]

1. e4 d5 2. exd5 Nf6 3. d4 Nxd5 4. Nf3 Bg4 5. h3 Bxf3 6. Qxf3 Nc6 7. c3 e6 8. Bd3 Be7 9. O-O O-O 10. Nd2 Bg5 11. Ne4 Bxc1 12. Raxc1 h6 13. Nc5 b6 14. Qe4 Nf6 15. Qxc6 bxc5 16. Qxc5 Rb8 17. Rc2 Rb6 18. a4 Qb8 19. b4 Rd8 20. a5 Rd5 21. axb6 Rxc5 22. bxa7 Qxa7 23. dxc5 Nd5 24. g3 Qa3 25. Rfc1 Nxb4 26. cxb4 Qxd3 27. Rc3 Qb5 28. Rb3 Qa4 29. Rbb1 Qb5 30. c6 e5 31. Rc5 Qd3 32. Rbc1 e4 33. R5c3 Qd4 34. b5 f5 35. Rc4 Qb2 36. Rc5 g6 37. R1c2 Qb1+ 38. Kg2 Qd1 39. b6 Qf3+ 40. Kh2 e3 41. bxc7 exf2 42. c8=Q+ Kg7 43. Qd7+ Kf6 44. Qd4+ Kf7 45. Qxf2 1-0


[Site "https://www.chess.com"]

[Event "Titled Tuesday Blitz June 14 Early 2022"]
[White "Matlakov, Maxim"]
[Black "Djokic, Mihailo"]
[WhiteFideId "4168003"]
[BlackFideId "976440"]
[WhiteElo "2669"]
[BlackElo "2255"]
[Result "1-0"]
[Round "04"]
[TimeControl "180+1"]
[Date "2022.06.14"]
[WhiteClock "0:00:48"]
[BlackClock "0:00:43"]

1. d4 Nf6 2. Nc3 d5 3. Bf4 e6 4. e3 Bd6 5. Bg3 O-O 6. Nf3 c5 7. dxc5 Bxc5 8. Bd3 Nc6 9. O-O d4 10. Na4 b6 11. exd4 Nxd4 12. Nxc5 bxc5 13. Ne5 Bb7 14. c3 Qd5 15. f3 Nf5 16. Qe2 Nxg3 17. hxg3 Qd6 18. Rad1 Qb6 19. Nc4 Qc7 20. Qe5 Qxe5 21. Nxe5 Rad8 22. Bc4 Bd5 23. Kf2 Rd6 24. Rd2 Rb8 25. Rfd1 Rdb6 26. b3 R6b7 27. g4 h6 28. Ba6 Rb6 29. Be2 Rf8 30. c4 Ba8 31. Rd8 Rb8 32. Rxf8+ Kxf8 33. Rd7 Nxd7 34. Nxd7+ Ke7 35. Nxb8 Kd6 36. b4 cxb4 37. Na6 Bb7 38. Nxb4 Kc5 39. Nd3+ Kd4 40. Ke1 Ke3 41. c5 a5 42. Ne5 f6 43. c6 Bc8 44. Nc4+ Kd4 45. Nd6 Kc5 46. Nxc8 1-0


[Site "https://www.chess.com"]

[Event "Titled Tuesday Blitz June 14 Early 2022"]
[White "Maximov, Dmitry"]
[Black "Kosakowski, Jakub"]
[WhiteFideId "14105659"]
[BlackFideId "1185080"]
[WhiteElo "2494"]
[BlackElo "2476"]
[Result "1-0"]
[Round "04"]
[TimeControl "180+1"]
[Date "2022.06.14"]
[WhiteClock "0:01:45"]
[BlackClock "0:02:12"]

1. e4 e5 2. Nf3 Nc6 3. Bb5 a6 4. Ba4 Nf6 5. O-O Nxe4 6. d4 b5 7. Bb3 d5 8. dxe5 Be6 9. Qe2 Be7 10. Rd1 O-O 11. c4 bxc4 12. Bxc4 Bc5 13. Be3 Bxe3 14. Qxe3 Qb8 15. Bb3 Na5 16. Nbd2 Qa7 17. Nd4 Nxd2 18. Rxd2 c5 19. Nxe6 fxe6 20. Qh3 Qb6 21. Bc2 g6 22. b3 Rae8 23. Qg3 Nc6 24. Bxg6 Kh8 25. Bxe8 1-0


[Site "https://www.chess.com"]

[Event "Titled Tuesday Blitz June 14 Early 2022"]
[White "Mchedlishvili, Mikheil"]
[Black "Kozlov, Gennady"]
[WhiteFideId "13600966"]
[BlackFideId "4191668"]
[WhiteElo "2545"]
[BlackElo "2392"]
[Result "1-0"]
[Round "04"]
[TimeControl "180+1"]
[Date "2022.06.14"]
[WhiteClock "0:00:18"]
[BlackClock "0:00:20"]

1. e4 e6 2. d4 d5 3. e5 c5 4. c3 Nc6 5. Nf3 Bd7 6. Be2 Qb6 7. O-O f6 8. Re1 f5 9. a3 c4 10. Nbd2 Na5 11. Rb1 Nb3 12. Nxb3 Ba4 13. Nfd2 Ne7 14. Bf1 Nc6 15. Qh5+ g6 16. Qh4 Be7 17. Qh6 Bxb3 18. Nxb3 Qxb3 19. Be2 Bf8 20. Qh4 Be7 21. Bg5 Bxg5 22. Qxg5 Qb6 23. Qf6 Kd7 24. Bd1 Qd8 25. Qg7+ Qe7 26. Qh6 Rag8 27. b3 cxb3 28. Bxb3 Na5 29. Ba4+ Kc7 30. Rb5 b6 31. Rxa5 bxa5 32. Qc1 Rc8 33. c4 Kb8 34. c5 Qb7 35. Qc2 Ka8 36. Rb1 Qc7 37. Bb5 Rb8 38. a4 a6 39. Bxa6 Rxb1+ 40. Qxb1 Rb8 41. Bb5 Ka7 42. Qc1 Qd8 43. Qd2 g5 44. h3 h6 45. Qd1 Qe7 46. Qh5 Qg7 47. Qe2 g4 48. hxg4 Qxg4 49. Qd2 Kb7 50. Qxa5 Qd1+ 51. Bf1 Qxd4 52. Qb6+ Ka8 53. Qa6# 1-0


[Site "https://www.chess.com"]

[Event "Titled Tuesday Blitz June 14 Early 2022"]
[White "Morefield, Jason"]
[Black "Xiong, Jeffery"]
[WhiteFideId "30920825"]
[BlackFideId "2047640"]
[WhiteElo "2171"]
[BlackElo "2714"]
[Result "0-1"]
[Round "04"]
[TimeControl "180+1"]
[Date "2022.06.14"]
[WhiteClock "0:00:09"]
[BlackClock "0:01:18"]

1. d4 d5 2. c4 e6 3. Nf3 Nf6 4. Nc3 a6 5. c5 b6 6. cxb6 c5 7. Bf4 Qxb6 8. Na4 Qa7 9. Nxc5 Bxc5 10. dxc5 Qxc5 11. Rc1 Qa5+ 12. Bd2 Qd8 13. Bb4 Bd7 14. e3 Nc6 15. Ba3 Ne4 16. Bd3 Qa5+ 17. Kf1 f6 18. Nd4 Nxd4 19. exd4 Bb5 20. h4 Nd2+ 21. Ke2 Bxd3+ 22. Kxd3 Nc4 23. Qg4 Qd2# 0-1


[Site "https://www.chess.com"]

[Event "Titled Tuesday Blitz June 14 Early 2022"]
[White "Nakamura, Hikaru"]
[Black "Begmuratov, Khumoyun"]
[WhiteFideId "2016192"]
[BlackFideId "14210207"]
[WhiteElo "2850"]
[BlackElo "1982"]
[Result "1-0"]
[Round "04"]
[TimeControl "180+1"]
[Date "2022.06.14"]
[WhiteClock "0:01:08"]
[BlackClock "0:00:01"]

1. Nf3 Nf6 2. b3 g6 3. Bb2 Bg7 4. d4 O-O 5. e3 c5 6. dxc5 Qa5+ 7. c3 Qxc5 8. Ba3 Qa5 9. Bxe7 Re8 10. Bxf6 Bxf6 11. Qd2 b6 12. Be2 Bb7 13. O-O Be4 14. b4 Qf5 15. Na3 Nc6 16. Nc4 Qd5 17. Qxd5 Bxd5 18. Rac1 Be6 19. Rfd1 d5 20. Nd6 Red8 21. Nb5 Rac8 22. a3 a5 23. Nbd4 axb4 24. axb4 Ne5 25. Nxe5 Bxe5 26. Nxe6 fxe6 27. c4 dxc4 28. Rxd8+ Rxd8 29. Bxc4 Kf7 30. g3 Bb2 31. Rb1 Bc3 32. Rb3 Bf6 33. Ra3 Rd7 34. Ra6 Bd8 35. Kg2 Rb7 36. Bb5 Be7 37. Bc6 Rb8 38. Ra7 Kf6 39. b5 h5 40. f4 Bc5 41. e4 e5 42. Bd5 Rf8 43. h4 Bd4 44. Kf3 Bc5 45. Rc7 Bd4 46. Bc4 Bc5 47. Rh7 Bd4 48. Kg2 Bc5 49. Bd5 Be3 50. f5 gxf5 51. exf5 Kxf5 52. Rxh5+ Kg4 53. Rxe5 Rf2+ 54. Kh1 Bc5 55. Rg5+ Kh3 56. Be6+ 1-0


[Site "https://www.chess.com"]

[Event "Titled Tuesday Blitz June 14 Early 2022"]
[White "Narayanan, Srinath"]
[Black "Sanal, Vahap"]
[WhiteFideId "5018420"]
[BlackFideId "6300545"]
[WhiteElo "2472"]
[BlackElo "2574"]
[Result "0-1"]
[Round "04"]
[TimeControl "180+1"]
[Date "2022.06.14"]
[WhiteClock "0:00:14"]
[BlackClock "0:01:07"]

1. d4 d6 2. e4 Nf6 3. Nc3 e5 4. Nf3 Nbd7 5. Bc4 Be7 6. O-O O-O 7. Re1 c6 8. a4 h6 9. h3 Re8 10. Be3 exd4 11. Nxd4 Bf8 12. Bf4 Nc5 13. Qf3 Ne6 14. Be3 Ng5 15. Bxg5 hxg5 16. Nf5 g6 17. Ng3 Re5 18. Qd3 Qb6 19. Bb3 a5 20. Nf1 Be6 21. Nd2 Re8 22. Bxe6 R5xe6 23. Nc4 Qc5 24. Nd2 Bg7 25. Rad1 g4 26. h4 Nd7 27. Nb3 Qh5 28. Qg3 Be5 29. Qe3 Qxh4 30. g3 Qh3 31. Nd4 Rf6 32. Qg5 Bxd4 33. Rxd4 Ne5 34. Qxf6 Nf3+ 35. Qxf3 gxf3 0-1


[Site "https://www.chess.com"]

[Event "Titled Tuesday Blitz June 14 Early 2022"]
[White "Niekras, Dawid"]
[Black "Andreikin, Dmitry"]
[WhiteFideId "1160451"]
[BlackFideId "4158814"]
[WhiteElo "2264"]
[BlackElo "2736"]
[Result "1/2-1/2"]
[Round "04"]
[TimeControl "180+1"]
[Date "2022.06.14"]
[WhiteClock "0:01:36"]
[BlackClock "0:01:19"]

1. e4 c5 2. Nf3 e6 3. d4 cxd4 4. Nxd4 Nc6 5. Nc3 a6 6. Nxc6 bxc6 7. e5 Qc7 8. f4 d5 9. exd6 Bxd6 10. Ne4 Be7 11. Bd3 Nf6 12. O-O O-O 13. Qf3 Bb7 14. b3 c5 15. Bb2 c4 16. Nxf6+ Bxf6 17. Bxh7+ Kxh7 18. Qh5+ Kg8 19. Bxf6 gxf6 20. Qg4+ Kh7 21. Qh5+ Kg7 22. Qg4+ Kh6 23. Qh4+ Kg6 24. Qg4+ Kh6 25. Qh4+ Kg6 26. Qg4+ Kh7 27. Qh5+ Kg8 28. Qg4+ Kh8 29. Qh5+ Kg7 30. Qg4+ Kh6 1/2-1/2


[Site "https://www.chess.com"]

[Event "Titled Tuesday Blitz June 14 Early 2022"]
[White "Oparin, Grigoriy"]
[Black "Kobalia, Mikhail"]
[WhiteFideId "24125890"]
[BlackFideId "4119150"]
[WhiteElo "2639"]
[BlackElo "2667"]
[Result "1/2-1/2"]
[Round "04"]
[TimeControl "180+1"]
[Date "2022.06.14"]
[WhiteClock "0:00:15"]
[BlackClock "0:00:12"]

1. e4 c6 2. Nc3 d5 3. Nf3 Bg4 4. h3 Bxf3 5. Qxf3 e6 6. Be2 Nf6 7. O-O Bb4 8. Rd1 O-O 9. d3 Bd6 10. d4 dxe4 11. Nxe4 Nxe4 12. Qxe4 Nd7 13. Bf3 Nf6 14. Qe2 a5 15. a4 Qb6 16. c3 Rfe8 17. Bg5 Nd5 18. g3 h6 19. Bc1 e5 20. Bxd5 cxd5 21. dxe5 Bxe5 22. Be3 Qc6 23. Qf3 Rad8 24. Bd4 Bc7 25. Rd2 Re4 26. Kg2 Rde8 27. b3 Bb6 28. Rad1 Bxd4 29. Rxd4 Rxd4 30. Rxd4 Re4 31. Qd3 Rxd4 32. Qxd4 Qe6 33. b4 b6 34. h4 g6 35. Kh2 h5 36. Kg2 Kh7 37. Qf4 Kg7 38. b5 Kf8 39. Kh2 Ke7 40. Qc7+ Kf6 41. Qd8+ Kg7 42. Qb8 Qf6 43. Kg2 Qe6 44. Qf4 Kf8 45. Qd4 Ke7 46. Kh2 Kf8 47. Qh8+ Ke7 48. Kg1 Qe1+ 49. Kg2 Qe4+ 50. Kf1 Qd3+ 51. Kg1 Qd1+ 52. Kg2 Qe2 53. Qd4 Qe4+ 54. Kf1 Qxd4 55. cxd4 Kf6 56. f3 Kf5 57. Kf2 f6 58. Kg2 g5 59. Kh3 Kg6 60. g4 Kh6 61. Kg3 Kg6 62. Kh3 Kh6 63. Kg3 Kg6 64. hxg5 Kxg5 65. f4+ Kg6 66. Kh4 hxg4 67. Kxg4 f5+ 68. Kh4 Kh6 69. Kg3 Kh5 70. Kh3 Kg6 71. Kg3 Kh6 72. Kh3 Kh5 73. Kg3 Kg6 74. Kh3 Kh5 75. Kg3 Kg6 76. Kh3 Kh5 1/2-1/2


[Site "https://www.chess.com"]

[Event "Titled Tuesday Blitz June 14 Early 2022"]
[White "Paravyan, David"]
[Black "Perez Gormaz, Matias"]
[WhiteFideId "4194985"]
[BlackFideId "3406342"]
[WhiteElo "2569"]
[BlackElo "2341"]
[Result "1-0"]
[Round "04"]
[TimeControl "180+1"]
[Date "2022.06.14"]
[WhiteClock "0:01:00"]
[BlackClock "0:00:01"]

1. e4 d5 2. exd5 Qxd5 3. Nc3 Qd8 4. d4 Nf6 5. Nf3 Bf5 6. Bc4 e6 7. O-O c6 8. h3 h6 9. Bf4 Nbd7 10. a4 a5 11. Qe2 Be7 12. Bb3 O-O 13. Rfe1 Bb4 14. Rad1 Re8 15. Ne5 Nxe5 16. dxe5 Nd5 17. Nxd5 cxd5 18. c3 Bc5 19. Be3 Qb6 20. Bxc5 Qxc5 21. Rd4 Ra6 22. Qd2 Rb6 23. Bd1 Rc8 24. Re3 Qc7 25. Be2 Bg6 26. Bb5 Qe7 27. Re1 Rc5 28. Qf4 Qc7 29. Re3 Qe7 30. Rg3 Kh7 31. h4 Rcxb5 32. axb5 Rxb5 33. Rd2 Qc7 34. Re2 h5 35. Rg5 Rc5 36. Rg3 b5 37. Rd2 Rc4 38. Rd4 Rc5 39. Kh2 Qd8 40. Rg5 Qc7 41. g4 hxg4 42. Rxg4 Bf5 43. Rg3 Qe7 44. h5 Qd8 45. Rg5 Qd7 46. Qg3 f6 47. exf6 gxf6 48. Rxf5 exf5 49. Qg6+ Kh8 50. Qxf6+ Qg7 51. Qxf5 Rc4 52. Rxc4 dxc4 53. Qxb5 Qc7+ 54. Kg2 1-0


[Site "https://www.chess.com"]

[Event "Titled Tuesday Blitz June 14 Early 2022"]
[White "Petrovskyi, Vadym"]
[Black "Dubov, Daniil"]
[WhiteFideId "14165210"]
[BlackFideId "24126055"]
[WhiteElo "2396"]
[BlackElo "2791"]
[Result "0-1"]
[Round "04"]
[TimeControl "180+1"]
[Date "2022.06.14"]
[WhiteClock "0:00:01"]
[BlackClock "0:00:15"]

1. e4 e5 2. Nf3 Nc6 3. d4 exd4 4. Bc4 Nf6 5. e5 d5 6. Bb5 Ne4 7. Nxd4 Bd7 8. Bxc6 bxc6 9. O-O Be7 10. f3 Nc5 11. f4 O-O 12. Nc3 f6 13. Be3 Rb8 14. Nb3 Na6 15. Bxa7 Rb4 16. a3 Rb7 17. Be3 Kh8 18. Qe2 Qa8 19. Bd4 fxe5 20. Bxe5 Rf7 21. Rae1 Nc5 22. Nd4 Rxb2 23. Qh5 Kg8 24. f5 Qf8 25. Bxc7 Bf6 26. Be5 Ne4 27. Nxe4 Bxe5 28. Ne6 Bxe6 29. Ng5 g6 30. Qh4 Qc5+ 31. Kh1 Qxc2 32. Rg1 Qxf5 33. Nxf7 Bxf7 34. Rgf1 Qc2 35. Qh3 Qc4 0-1


[Site "https://www.chess.com"]

[Event "Titled Tuesday Blitz June 14 Early 2022"]
[White "Pranav, V"]
[Black "Al-Tarboush, Ward"]
[WhiteFideId "25060783"]
[BlackFideId "7601450"]
[WhiteElo "2349"]
[BlackElo "2249"]
[Result "1/2-1/2"]
[Round "04"]
[TimeControl "180+1"]
[Date "2022.06.14"]
[WhiteClock "0:00:08"]
[BlackClock "0:00:07"]

1. e4 b6 2. d4 Bb7 3. Nc3 e6 4. Bd3 Bb4 5. Ne2 d5 6. O-O dxe4 7. Nxe4 Nd7 8. c3 Be7 9. Nf4 Ngf6 10. Ng5 O-O 11. Qc2 h6 12. Ne4 Nxe4 13. Bxe4 Bxe4 14. Qxe4 Nf6 15. Qf3 Bd6 16. Re1 Rc8 17. Nh5 Nxh5 18. Qxh5 Qf6 19. Re3 Qf5 20. Qe2 c5 21. Rf3 Qh5 22. h3 cxd4 23. cxd4 Rfd8 24. Bd2 Rc2 25. Qd3 Rc7 26. Bc3 Rcd7 27. Qa6 Qd5 28. a4 Qb7 29. Qb5 a6 30. Qh5 Qd5 31. Qg4 b5 32. axb5 axb5 33. Bd2 h5 34. Qh4 Be7 35. Qg3 Kf8 36. Rd3 Bf6 37. Rf1 Kg8 38. Kh1 Qd6 39. Qf3 Qd5 40. Qe2 Qf5 41. Rf3 Qg6 42. Qxb5 Bxd4 43. Ba5 Rd5 44. Qa6 R8d6 45. Qc8+ Kh7 46. Rg3 Qf5 47. Rf3 Qg6 48. Bb4 Rd8 49. Qb7 R8d7 50. Qc8 Rd8 51. Qc1 Be5 52. Bc3 Bb8 53. g3 Qe4 54. Qe3 Qg6 55. Kg1 Rd3 56. Qe2 Rxf3 57. Qxf3 Rd3 58. Qg2 Bxg3 59. Kh1 Bf4 60. Qxg6+ Kxg6 61. Kg2 Bd6 62. Ra1 Rd5 63. Ra7 Rg5+ 64. Kf1 Rf5 65. b4 Rf3 66. Be1 Rb3 67. Rd7 Be5 68. Rb7 Rxh3 69. b5 Rb3 70. b6 Bd4 71. Ba5 h4 72. Rd7 Bxb6 73. Rb7 Rb1+ 74. Kg2 Ra1 75. Bxb6 Rb1 76. Rb8 f5 77. Bc7 Rxb8 78. Bxb8 Kf6 79. f4 g5 80. Be5+ Kg6 81. Kh3 gxf4 82. Kxh4 f3 83. Kg3 Kg5 84. Kxf3 f4 85. Bxf4+ Kf5 86. Bg3 e5 87. Bxe5 1/2-1/2


[Site "https://www.chess.com"]

[Event "Titled Tuesday Blitz June 14 Early 2022"]
[White "Pranesh M"]
[Black "Lamaze, Simon"]
[WhiteFideId "35028600"]
[BlackFideId "36069264"]
[WhiteElo "1902"]
[BlackElo "2090"]
[Result "0-1"]
[Round "04"]
[TimeControl "180+1"]
[Date "2022.06.14"]
[WhiteClock "0:00:01"]
[BlackClock "0:00:18"]

1. e4 c5 2. Nf3 Nc6 3. d4 cxd4 4. Nxd4 Nf6 5. Nc3 d6 6. Bg5 a6 7. Nxc6 bxc6 8. Bd3 e5 9. O-O Be7 10. Kh1 h6 11. Bh4 g5 12. Bg3 h5 13. f3 h4 14. Be1 Nh5 15. Kg1 Qb6+ 16. Bf2 Qc7 17. h3 Be6 18. Qd2 Nf4 19. Be3 Rg8 20. Rad1 Rb8 21. b3 Rg6 22. Kh2 Bd8 23. Ne2 Qb7 24. c4 c5 25. Bc2 Bc7 26. Rfe1 Ke7 27. Nc3 Qc8 28. Nd5+ Bxd5 29. exd5 Rg7 30. Bxf4 gxf4 31. Qxf4 Qh8 32. Qe3 Rg3 33. Re2 Rbg8 34. b4 Bb6 35. a4 Qg7 36. Rg1 Kd7 37. a5 Ba7 38. b5 Bb8 39. bxa6 Bc7 40. Bf5+ Ke7 41. a7 Ra8 42. Qb3 Rxa7 43. Qb5 Qf8 44. Qd7+ Kf6 45. Bg4 Qe7 46. Qf5+ Kg7 47. f4 Rxa5 48. Rf1 e4 49. Rxe4 Qf6 50. Qg5+ Qxg5 51. fxg5 Ra2 52. Bf3 Bd8 53. Rxh4 Rxg5 54. Re4 Bf6 55. Kh1 Be5 56. Re2 Ra3 57. Bg4 Rc3 58. Ref2 f6 59. Be2 Kg6 60. Rf3 Rxf3 61. Rxf3 f5 62. Bd3 Kf6 63. g4 f4 64. Kg2 Rg8 65. Rf1 Kg5 66. Rb1 Ra8 67. Rb7 Ra3 68. Be4 Rg3+ 69. Kf1 Re3 70. Bh1 Kh4 71. g5 Kg3 72. g6 Bc3 73. Rb1 f3 74. h4 f2 75. Bf3 Re1+ 76. Rxe1 fxe1=Q# 0-1


[Site "https://www.chess.com"]

[Event "Titled Tuesday Blitz June 14 Early 2022"]
[White "Priasmoro, Novendra"]
[Black "Jobava, Baadur"]
[WhiteFideId "7105029"]
[BlackFideId "13601520"]
[WhiteElo "2309"]
[BlackElo "2617"]
[Result "0-1"]
[Round "04"]
[TimeControl "180+1"]
[Date "2022.06.14"]
[WhiteClock "0:00:01"]
[BlackClock "0:00:54"]

1. e4 e5 2. Nf3 Nf6 3. Nxe5 d6 4. Nf3 Nxe4 5. Qe2 Qe7 6. d3 Nf6 7. h3 Nbd7 8. Nc3 c6 9. Bf4 d5 10. d4 a5 11. Qxe7+ Bxe7 12. Bd3 a4 13. a3 O-O 14. O-O Re8 15. Rfe1 Kf8 16. Re2 Nb6 17. Rae1 h6 18. Bc7 Nc4 19. Bxc4 dxc4 20. Rxe7 Rxe7 21. Bd6 Be6 22. Ne5 Rd8 23. Nxc4 Rxd6 24. Nxd6 Rd7 25. Nde4 Rxd4 26. Nxf6 gxf6 27. Re4 Rxe4 28. Nxe4 Bf5 29. Nc5 Bxc2 30. Nxb7 Ke7 31. Kf1 Ke6 32. Ke2 Kd5 33. Kd2 Be4 34. g3 Bf5 35. h4 Bd7 36. Kc3 c5 37. Na5 Bb5 38. b3 Ke4 39. bxa4 Bxa4 40. Nb7 Kd5 41. Na5 Ke4 42. Nb7 Kd5 43. Nd8 Be8 44. h5 f5 45. f3 f6 46. g4 fxg4 47. fxg4 Bd7 48. Nf7 Bxg4 49. Nxh6 Bxh5 50. a4 Be2 51. a5 Ke6 52. Kd2 Ba6 53. Ke3 Bb7 54. Ng4 f5 55. Nf2 Ba6 56. Kf4 Bc8 57. Nd1 Kd5 58. Ne3+ Kc6 59. Ke5 Kb5 60. Kd5 f4 61. Nd1 f3 62. Nc3+ Kxa5 63. Nd1 Kb4 64. Ke4 Bb7+ 65. Kd3 c4+ 66. Kd4 Kb3 67. Ke3 c3 68. Nf2 Ba6 69. Ne4 c2 70. Nc5+ Kc4 0-1


[Site "https://www.chess.com"]

[Event "Titled Tuesday Blitz June 14 Early 2022"]
[White "Rodrigue-Lemieux, Shawn"]
[Black "Puranik, Abhimanyu"]
[WhiteFideId "2620049"]
[BlackFideId "5061245"]
[WhiteElo "1763"]
[BlackElo "2520"]
[Result "0-1"]
[Round "04"]
[TimeControl "180+1"]
[Date "2022.06.14"]
[WhiteClock "0:00:02"]
[BlackClock "0:00:17"]

1. a3 e5 2. c3 d5 3. d4 e4 4. c4 Nf6 5. Nc3 c6 6. cxd5 cxd5 7. Bg5 Be7 8. e3 h6 9. Bxf6 Bxf6 10. Qb3 Be6 11. Qxb7 Nd7 12. Bb5 O-O 13. Bxd7 Rb8 14. Qxa7 Bxd7 15. Nxd5 Rxb2 16. Qc5 Qb8 17. Nxf6+ gxf6 18. Qc1 Rc8 19. Qd1 Rcc2 20. Nh3 Qb5 21. Nf4 Qa5+ 22. Kf1 Rxf2+ 23. Kg1 Qg5 24. g3 Bg4 25. Qe1 Rxf4 26. exf4 Qd5 27. Qc3 Qb5 28. Re1 Bf3 29. Qc8+ Kg7 0-1


[Site "https://www.chess.com"]

[Event "Titled Tuesday Blitz June 14 Early 2022"]
[White "Samant Aditya S"]
[Black "Sjugirov, Sanan"]
[WhiteFideId "35080580"]
[BlackFideId "4189302"]
[WhiteElo "1968"]
[BlackElo "2602"]
[Result "0-1"]
[Round "04"]
[TimeControl "180+1"]
[Date "2022.06.14"]
[WhiteClock "0:00:25"]
[BlackClock "0:01:32"]

1. e4 c6 2. d4 d5 3. Nc3 dxe4 4. Nxe4 Nf6 5. Nxf6+ exf6 6. c3 Bd6 7. Bd3 O-O 8. Qc2 Re8+ 9. Ne2 h6 10. O-O Nd7 11. h3 Nf8 12. Be3 Ne6 13. c4 Bc7 14. Rad1 Qd6 15. f4 g6 16. Kh1 Ng7 17. Bf2 Bf5 18. Bxf5 Nxf5 19. Qd3 Rxe2 20. Qxe2 Qxf4 21. g3 Qxg3 22. Bxg3 Nxg3+ 23. Kg2 Nxe2 24. Kf3 Nf4 25. d5 cxd5 26. cxd5 Bd6 27. Rfe1 Nxh3 0-1


[Site "https://www.chess.com"]

[Event "Titled Tuesday Blitz June 14 Early 2022"]
[White "Sarana, Alexey"]
[Black "Pranav Anand"]
[WhiteFideId "24133795"]
[BlackFideId "46626786"]
[WhiteElo "2666"]
[BlackElo "2259"]
[Result "1-0"]
[Round "04"]
[TimeControl "180+1"]
[Date "2022.06.14"]
[WhiteClock "0:01:32"]
[BlackClock "0:01:24"]

1. d4 Nf6 2. c4 d6 3. Nf3 c6 4. Nc3 Bf5 5. g3 h6 6. Bg2 Nbd7 7. O-O e5 8. Re1 Be7 9. e4 Bh7 10. h3 O-O 11. b3 Re8 12. Bb2 Bf8 13. Qd2 Qc7 14. Rad1 a5 15. Nh4 Rad8 16. d5 Nc5 17. Qe3 Qc8 18. Kh2 g5 19. Nf5 Bxf5 20. exf5 Qxf5 21. dxc6 e4 22. cxb7 Nd3 23. Nxe4 Nxb2 24. Nxf6+ Qxf6 25. Qxe8 Nxd1 26. b8=Q Rxb8 27. Qxb8 Nxf2 28. Re8 h5 29. Rxf8+ Kg7 30. Rh8 Qe5 31. Qf8+ Kf6 32. Rh6+ Kf5 33. Qxf7+ 1-0


[Site "https://www.chess.com"]

[Event "Titled Tuesday Blitz June 14 Early 2022"]
[White "Shirov, Alexei"]
[Black "Skliarov, Viktor"]
[WhiteFideId "2209390"]
[BlackFideId "14106736"]
[WhiteElo "2678"]
[BlackElo "2229"]
[Result "1/2-1/2"]
[Round "04"]
[TimeControl "180+1"]
[Date "2022.06.14"]
[WhiteClock "0:00:19"]
[BlackClock "0:00:14"]

1. e4 c5 2. Nf3 Nc6 3. d4 cxd4 4. Nxd4 Nf6 5. Nc3 e5 6. Ndb5 d6 7. Nd5 Nxd5 8. exd5 Nb8 9. c4 Be7 10. Be2 a6 11. Nc3 O-O 12. O-O f5 13. b4 a5 14. bxa5 Rxa5 15. Nb5 Nd7 16. Ba3 e4 17. Bxd6 Bxd6 18. Nxd6 Ne5 19. Nxc8 Qxc8 20. Qd4 Nd7 21. f3 Qc5 22. Rfd1 exf3 23. Bxf3 Rc8 24. Be2 Qxd4+ 25. Rxd4 Nc5 26. d6 Nb3 27. axb3 Rxa1+ 28. Kf2 b6 29. b4 Rc1 30. Bf3 Kf7 31. Bd5+ Kf6 32. Rd2 Rd8 33. Bc6 Rxc4 34. b5 Ke5 35. d7 Rd4 36. Re2+ Kd6 37. Re8 Kc7 38. Re7 R8xd7 39. Bxd7 Rxd7 40. Re5 g6 41. Kf3 Kd6 42. Re1 Rc7 43. Rd1+ Ke6 44. Re1+ Kd6 45. Rd1+ Ke6 46. Re1+ Kd6 1/2-1/2


[Site "https://www.chess.com"]